Map: Dzika dżungla

Players

PeMuKyC

  • Race: Zerg Zerg
  • Spawn Location: 6:00

PedMig

  • Race: Terran Terran
  • Spawn Location: 7:00

Blackhand - Winner!

  • Race: Zerg Zerg
  • Spawn Location: 1:00

Gracz - Winner!

  • Race: Terran Terran
  • Spawn Location: 12:00

VOD

Have the link to the VOD?

Description

Time

  • Played on: Feb. 23, 2016, 12:11 p.m.
  • Length: 16:28
Show
View Real Time Build Order
Export as new Build Order

PeMuKyC Zerg 

Build Orders: Pool First 

Get SALT Encoding   

  12  1:27  Overlord x3  
  12  1:33  Spawning Pool  
  12  1:38  Hatchery  
  10  1:43  Hatchery  
  9  2:03  Drone  
  9  2:04  Drone x2  
  12  2:23  Zergling x2  
  12  2:24  Queen  
  15  2:30  Extractor  
  15  2:34  Drone  
  15  2:45  Zergling x2  
  16  2:54  Drone  
  17  2:59  Drone x2  
  19  3:30  Extractor  
  19  3:32  Drone x9  
  27  3:57  Drone x2  
  27  3:58  Drone x4  
  33  4:15  Hatchery  
  32  4:24  Roach Warren  
  31  4:28  Lair  
  31  4:37  Evolution Chamber  
  30  4:49  Extractor  
  30  4:52  Extractor  
  28  5:19  Burrow  
  28  5:37  Hydralisk Den  
  28  5:39  Drone  
  28  5:40  Drone x6  
  28  5:42  Drone  
  35  6:05  Roach x2  
  35  6:08  Hydralisk x2  
  35  6:09  Hydralisk x5  
  53  6:24  Glial Reconstitution  
  53  6:42  Drone x3  
  56  7:04  Overlord x3  
  56  7:05  Overlord x2  
  56  7:23  Drone x3  
  56  7:28  Hydralisk  
  56  7:29  Hydralisk x4  
  69  7:48  Hatchery  
  68  8:10  Spire  
  67  8:23  Overseer  
  37  9:03  Zergling x14  
  37  9:04  Zergling x4  
  22  9:43  Mutalisk  
  22  9:44  Mutalisk x8  
  40  9:58  Infestation Pit  
  37  11:26  Mutalisk x9  
  55  11:58  Mutalisk  
  55  11:59  Mutalisk x2  
Show
View Real Time Build Order
Export as new Build Order

PedMig Terran 

Build Orders:  

Get SALT Encoding   

  12  0:03  SCV  
  13  0:18  SCV  
  14  0:30  SCV  
  15  0:39  Supply Depot  
  15  1:00  SCV  
  16  1:12  SCV  
  16  1:15  Barracks  
  17  1:28  SCV  
  18  1:34  Refinery  
  18  1:59  SCV  
  19  2:06  Barracks, Marine  
  20  2:11  SCV  
  21  2:24  Marine  
  23  2:48  Barracks Tech Lab  
  22  3:10  Barracks Reactor  
  22  3:13  Supply Depot  
  22  3:22  SCV  
  23  3:36  Supply Depot  
  23  3:38  Command Center  
  23  3:52  Orbital Command  
  23  3:55  Marine x2  
  25  4:00  Marauder  
  27  4:13  Marine x2  
  29  4:17  Bunker  
  29  4:21  Marauder  
  31  4:30  Marine  
  31  4:31  Marine  
  33  4:43  Marauder  
  35  4:48  Marine x2, Supply Depot  
  37  5:06  Marine x2, Marauder  
  41  5:10  Supply Depot  
  41  5:14  Factory  
  41  5:18  SCV  
  42  5:24  Marine x2  
  42  5:27  Marauder  
  46  5:30  SCV  
  47  5:42  Marine x2  
  49  5:43  SCV  
  50  5:55  SCV  
  51  6:00  Ghost Academy  
  51  6:06  Supply Depot  
  51  6:07  SCV  
  52  6:19  SCV  
  53  6:30  Supply Depot  
  53  6:31  SCV  
  54  6:38  Marine x2  
  56  6:41  Factory Tech Lab  
  56  6:43  SCV, Marauder  
  56  6:46  Personal Cloaking  
  59  6:54  Supply Depot  
  59  6:55  SCV  
  59  6:56  Marine x2  
  62  7:04  Marauder  
  62  7:07  SCV  
  65  7:12  Refinery  
  65  7:14  Marine x2  
  65  7:15  SCV  
  68  7:19  SCV  
  69  7:25  Ghost  
  69  7:26  Bunker  
  69  7:27  SCV  
  72  7:32  Marine x2  
  74  7:37  Engineering Bay  
  74  7:39  SCV  
  75  7:48  Siege Tank  
  75  7:49  Marine  
  75  7:50  Marine  
  80  8:06  SCV  
  80  8:07  Marine x2  
  80  8:12  Nuke  
  84  8:25  Marine x2  
  85  8:29  Siege Tank  
  88  8:36  Missile Turret  
  88  8:58  Missile Turret  
  88  9:01  Siege Tank  
  5  11:19  Orbital Command  
  3  11:45  SCV  
  4  11:57  SCV  
  2  13:33  Command Center  
  2  13:40  Supply Depot  
  2  14:03  Supply Depot  
  2  14:26  Barracks  
  2  14:48  Refinery  
  2  14:49  SCV  
  3  15:01  SCV  
  4  15:13  SCV  
  4  15:14  Supply Depot, Refinery  
  5  15:19  Barracks Reactor  
  5  15:25  SCV  
  6  15:37  Bunker, SCV  
  7  15:49  SCV  
  8  15:50  Barracks  
  8  16:08  Supply Depot  
  8  16:12  Command Center  
Show
View Real Time Build Order
Export as new Build Order

Blackhand Zerg - Winner!

Build Orders: Pool First, Ravager All-In 

Get SALT Encoding   

  12  0:01  Drone  
  13  0:10  Drone  
  14  0:16  Overlord  
  14  0:36  Drone x2  
  14  0:37  Drone  
  14  0:40  Extractor  
  16  0:48  Drone  
  17  0:53  Spawning Pool  
  16  0:58  Drone  
  17  1:09  Drone  
  18  1:19  Drone  
  19  1:30  Drone  
  20  1:39  Queen  
  22  1:44  Roach Warren  
  22  1:45  Drone  
  22  1:51  Overlord  
  22  2:03  Extractor  
  22  2:04  Drone  
  22  2:25  Roach x2  
  26  2:34  Hatchery  
  26  2:35  Drone  
  28  2:51  Roach x2  
  28  2:53  Overlord x2  
  30  3:04  Overlord  
  30  3:35  Roach x4  
  38  3:42  Drone  
  38  3:46  Queen, Drone  
  42  4:03  Drone x2  
  42  4:04  Drone x2  
  42  4:08  Roach x2  
  50  4:12  Ravager x4  
  50  4:13  Ravager x3  
  57  4:26  Drone x2  
  57  4:27  Drone  
  57  4:29  Extractor  
  57  4:31  Drone  
  60  4:35  Evolution Chamber  
  59  4:39  Overlord x2  
  59  4:45  Drone  
  60  4:57  Roach x2  
  60  4:58  Roach x2  
  68  5:02  Zerg Missile Weapons Level 1  
  68  5:04  Drone  
  68  5:07  Drone  
  70  5:09  Drone  
  70  5:12  Drone  
  73  5:14  Drone  
  73  5:18  Overlord  
  73  5:39  Drone x3  
  73  5:40  Drone x5  
  73  5:41  Drone  
  82  5:43  Extractor  
  82  5:47  Overlord  
  81  6:19  Roach x2  
  81  6:20  Roach x3  
  81  6:22  Overlord x2, Hatchery  
  81  6:24  Overlord  
  90  6:31  Roach  
  92  6:57  Zerg Ground Armor Level 1  
  92  7:03  Lair  
  92  7:06  Roach x5  
  92  7:07  Roach x2  
  92  7:08  Roach  
  108  7:16  Overlord x2  
  108  7:17  Overlord x3  
  108  7:33  Queen  
  108  7:34  Drone  
  108  7:37  Overlord x4  
  111  7:49  Ravager x5  
  111  7:50  Ravager x7  
  123  7:54  Drone  
  124  7:59  Drone  
  125  8:07  Spire  
  125  8:11  Hydralisk Den  
  123  8:15  Evolution Chamber  
  122  8:24  Drone x2  
  106  8:53  Roach x2  
  106  8:54  Roach x7  
  106  8:55  Roach x6  
  136  8:56  Roach x3  
  136  8:57  Roach  
  136  8:59  Drone  
  145  9:21  Zerg Missile Weapons Level 2  
  145  9:22  Zerg Ground Armor Level 2  
  142  9:24  Roach x2  
  146  10:16  Roach x7  
  146  10:17  Roach x6  
  146  10:18  Roach x6  
  146  10:19  Roach  
  186  10:28  Hatchery  
  150  11:07  Roach x4  
  150  11:08  Roach  
  150  11:09  Ravager  
  150  11:10  Ravager x4  
  159  11:16  Drone x4  
  155  11:21  Extractor  
  155  11:22  Extractor  
  153  11:27  Ravager x2  
  153  11:28  Ravager  
  156  11:37  Overlord x2  
  156  11:38  Zerg Melee Weapons Level 1, Overlord x5  
  156  11:56  Queen, Drone x2  
  156  11:58  Drone x3  
  156  11:59  Drone  
  164  12:05  Drone  
  165  12:14  Hydralisk x4  
  165  12:15  Hydralisk x5  
  83  13:31  Mutalisk x4  
  83  13:32  Mutalisk x7  
  83  13:33  Mutalisk x2  
  109  13:48  Zerg Melee Weapons Level 2  
  109  13:56  Infestation Pit  
  109  13:57  Zerg Flyer Weapons Level 1  
  110  14:03  Roach x5  
  110  14:04  Zergling x6  
  110  14:05  Zergling x14, Extractor  
  110  14:06  Zergling x2  
  110  14:09  Baneling Nest  
  127  14:17  Drone x2  
  127  14:18  Drone  
  127  14:19  Extractor  
  127  14:20  Drone  
  130  14:36  Roach x6  
  130  14:37  Roach x6  
  130  14:38  Roach x2  
  158  15:10  Roach x7  
  158  15:11  Roach x4  
  158  15:13  Drone  
  181  15:15  Drone x4  
  185  15:38  Hatchery  
Show
View Real Time Build Order
Export as new Build Order

Gracz Terran - Winner!

Build Orders:  

Get SALT Encoding   

  12  0:02  SCV  
  13  0:14  Refinery  
  13  0:23  SCV  
  14  0:35  SCV  
  14  0:40  Refinery  
  15  0:58  Supply Depot  
  15  1:20  SCV  
  16  1:30  Supply Depot  
  16  1:32  SCV  
  17  1:40  Barracks  
  17  1:44  SCV  
  18  1:53  Barracks  
  18  2:03  Engineering Bay  
  18  2:10  SCV  
  19  2:38  Barracks Reactor  
  19  2:39  Factory  
  19  2:40  Barracks Reactor  
  19  3:13  Terran Infantry Weapons Level 1  
  19  3:16  Marine x2  
  19  3:17  Marine x2  
  23  3:34  Reaper x2  
  23  3:35  Reaper x2  
  27  3:55  Factory Tech Lab  
  27  3:56  Starport  
  27  4:06  Marine x2  
  27  4:07  Marine x2  
  31  4:19  Orbital Command  
  31  4:33  Supply Depot  
  31  4:48  Starport  
  31  4:55  Marine x4, Starport Tech Lab  
  35  5:07  Terran Infantry Armor Level 1  
  35  5:12  Supply Depot  
  35  5:13  Marine x2  
  37  5:29  Marine x2  
  37  5:34  Siege Tank  
  42  5:37  Starport Tech Lab  
  42  5:45  Fusion Core  
  42  6:20  Command Center  
  42  6:26  Banshee  
  45  6:33  Banshee  
  48  6:42  SCV  
  51  7:01  Hellion  
  51  7:08  Marine x2  
  51  7:09  Marine x2  
  55  7:35  Battlecruiser  
  61  7:43  SCV  
  62  7:53  Banshee  
  62  7:55  Marine  
  66  8:06  SCV  
  67  8:18  SCV  
  68  8:27  Building Armor  
  68  8:30  SCV  
  69  8:36  Battlecruiser  
  65  11:34  SCV  
  65  11:35  Banshee  
  65  11:36  Banshee  
  65  11:37  Marine x2  
  65  11:38  Marine x2  
  76  11:40  Behemoth Reactor  
  76  11:46  SCV  
  77  11:55  Marine  
  77  11:59  Marine x3, Siege Tank, SCV  
  85  12:13  Marine  
  86  12:18  Banshee  
  86  12:19  Banshee  
  92  12:24  Marine x2  
  94  12:37  Supply Depot, Weapon Refit  
  94  12:58  Marine x2, Siege Tank  
  99  13:01  Banshee  
  102  13:05  Supply Depot  
  102  13:17  Refinery  
  102  13:20  Refinery  
  102  13:23  Supply Depot  
  102  13:27  Marine, Banshee  
  106  13:49  Orbital Command  
  106  13:53  Battlecruiser  
  112  14:10  Starport  
  112  15:01  Starport Tech Lab  
  112  15:05  Supply Depot  
Tags
 
Add a new tag
Caveats
  • Supply blocks, unpowered buildings, or Contaminate may cause inaccurate times.
  • Supply counts are checked every 10 seconds.